 Dungeon Crawl Stone Soup version 0.21.1-1-g345015fe64 (webtiles) character file.

36804 Kholdaimon the Severer (level 13, -2/119 HPs)
             Began as a Minotaur Fighter on June 13, 2018.
             Was a High Priest of Okawaru.
             Slain by Asterion
             ... wielding a +3 morningstar of draining
              (10 damage)
             ... on level 1 of the Snake Pit.
             The game lasted 02:57:46 (18480 turns).

Kholdaimon the Severer (Minotaur Fighter)          Turns: 18480, Time: 02:57:49

Health: -2/119     AC: 20    Str: 22    XL:     13   Next: 55%
Magic:  24/24      EV: 10    Int:  8    God:    Okawaru [*****.]
Gold:   528        SH: 21    Dex: 16    Spells: 12/12 levels left

rFire    + . .     SeeInvis .   J - +6 broad axe "Ygiof" {elec, MR+}
rCold    . . .     Gourm    .   P - +0 large shield
rNeg     . . .     Faith    .   l - +0 chain mail {rF+}
rPois    +         Spirit   .   y - +1 hat {MR+}
rElec    .         Reflect  +   t - +2 cloak
rCorr    .         Harm     .   L - +1 pair of gloves of Tas Isih {-Cast MP+9 Stlth+}
MR       ++...     NoCast   +   M - +1 pair of boots
Stlth    ..........             I - +4 amulet of reflection
HPRegen  0.29/turn              j - ring of poison resistance
MPRegen  0.19/turn              (no ring)

@: agile, very heavily drained
A: retaliatory headbutt, horns 2
a: Heroism, Finesse, Renounce Religion


You were on level 1 of the Snake Pit.
You worshipped Okawaru.
Okawaru was extremely pleased with you.
You were very hungry.

You visited 4 branches of the dungeon, and saw 17 of its levels.

You collected 1014 gold pieces.
You spent 486 gold pieces at shops.

Inventory:

Hand Weapons
 i - a +2 war axe of flaming
 J - the +6 broad axe "Ygiof" (weapon) {elec, MR+}
   (Okawaru gifted it to you on level 1 of the Lair of Beasts)

   Occasionally, upon striking a foe, it will discharge some electrical energy
   and cause terrible harm.
   It affects your resistance to hostile enchantments.
 K - the +10 flail "Nelu" {antimagic, Str+5 SInv Stlth+}
   (You found it on level 2 of the Lair of Beasts)

   It reduces the magical energy of the wielder, and disrupts the spells and
   magical abilities of those hit.
   Natural abilities and divine invocations are not affected.
   It affects your strength (+5).
   It lets you see invisible.
   It makes you more stealthy.
Missiles
 p - 12 tomahawks (quivered)
Armour
 d - the +5 ring mail of the Original Sin {rF- rC+++ Str-2 Slay+5}
   (You found it on level 6 of the Dungeon)

   It affects your strength (-2).
   It affects your accuracy and damage with ranged weapons and melee attacks
   (+5).
   It makes you vulnerable to fire.
   It renders you almost immune to cold.
 l - a +0 chain mail of fire resistance (worn)
 t - a +2 cloak (worn)
 y - a +1 hat of magic resistance (worn)
 L - the +1 pair of gloves of Tas Isih (worn) {-Cast MP+9 Stlth+}
   (Okawaru gifted it to you on level 2 of the Lair of Beasts)

   It affects your magic capacity (+9).
   It prevents spellcasting.
   It makes you more stealthy.
 M - a +1 pair of boots (worn)
 P - a +0 large shield (worn)
Jewellery
 j - a ring of poison resistance (left hand)
 w - an uncursed amulet of the gourmand
 I - a +4 amulet of reflection (around neck)
Wands
 a - a wand of disintegration (6)
 r - a wand of clouds (4)
 x - a wand of flame (74)
 G - a wand of iceblast (8)
Scrolls
 m - 3 scrolls of magic mapping
 o - a scroll of vulnerability {unknown}
 q - 5 scrolls of enchant weapon
 s - 3 scrolls of enchant armour
 v - 5 scrolls of teleportation
 B - a scroll of remove curse
 D - 3 scrolls of fear
 E - 2 scrolls of amnesia
 H - a scroll of fog
 N - a scroll of immolation {unknown}
Potions
 e - 4 potions of lignification
 g - 3 potions of mutation
 h - 3 potions of curing
 u - 2 potions of might
 z - a potion of brilliance {unknown}
 C - 2 potions of berserk rage
 F - 5 potions of magic
Comestibles
 f - 30 rations


   Skills:
 + Level 12.3(8.7) Fighting
 * Level 15.9(11.9) Axes
 - Level 0.4(7.1) Maces & Flails
 - Level 0.1(0.0) Throwing
 + Level 12.7(9.0) Armour
 - Level 3.5(0.6) Dodging
 - Level 0.8(0.0) Stealth
 + Level 13.0(9.3) Shields
 - Level 5.0(1.9) Invocations


You had 12 spell levels left.
You didn't know any spells.

Dungeon Overview and Level Annotations

Branches:
Dungeon (11/15)            Temple (1/1) D:5            Lair (3/6) D:11
  Snake (2/4) Lair:3
  Swamp: Lair:2-4    Shoals: Lair:2-4       Orc: D:9-12

Altars:
Ashenzari
Cheibriados
Dithmenos
Elyvilon
Fedhas
Gozag
Hepliaklqana
Kikubaaqudgha
Makhleb
Nemelex Xobeh
Okawaru
Qazlal
Ru
Sif Muna
Trog
Uskayaw
Vehumet
Wu Jian
Xom
Yredelemnul
Zin
The Shining One

Shops:
D:9 [[(   Snake:1 =(*}   Snake:2 }:

Annotations:
Lair:3 Sonja
Snake:1 Asterion


Innate Abilities, Weirdness & Mutations

You reflexively headbutt those who attack you in melee.
You have a pair of horns on your head.


Message History

Asterion hits you with a morningstar of draining!!
* * * LOW HITPOINT WARNING * * *
You feel drained.
* * * LOW HITPOINT WARNING * * *
Asterion completely misses you.
Your shield and chain mail prevent you from hitting Asterion.
Your headbutt misses Asterion.
Asterion is heavily wounded.
Asterion mumbles some strange prayers to Makhleb.
Asterion blocks your attack.
Asterion is heavily wounded.
Asterion prays to Makhleb.
Asterion seems to speed up.
Asterion blocks your attack. x2
Asterion is heavily wounded.
You slice the balrug!! Asterion closely misses you. You furiously retaliate!
You headbutt Asterion, but do no damage.
You block Asterion's attack. You block the balrug's attack.
Asterion hits you with a morningstar of draining!
You die...

##############
##............#########
#####..............+.......
#...'.............^+.......
####...'..............######.#
#......'..............# #.#
#.##...'..............# #.#
####.##.###.....H........# #.#
........# #....2@.......## #.#
####.#### ##...........## #.#
# #.# #'#########'########.# #
#.# #.# #..............#
####.#######.#
#.###.##########
##...........# #.# #.#
##..###.###### #.# #.# ##..#
#.# ##.###.# ##..###.#
#......#


You could see Asterion and a balrug.

Vanquished Creatures
  Kirke (Snake:1)
  Donald (Snake:2)
  Snorg (D:10)
  Fannar (D:10)
  2 naga warriors (Snake:2)
  5 hydras
  4 anacondas
  A catoblepas (Lair:3)
  3 two-headed ogres (D:8)
  An unseen horror (D:11)
  2 mana vipers
  A manticore (D:11)
  A deep elf mage (D:10)
  Maurice (D:11)
  6 black mambas
  A centaur zombie (D:10)
  2 salamanders (Snake:2)
  A guardian serpent (Snake:2)
  Joseph (D:8)
  Psyche (D:8)
  2 naga magi (Snake:2)
  6 spiny frogs
  2 komodo dragons
  Prince Ribbit (D:7)
  A merfolk (D:10)
  3 blink frogs (Lair:2)
  10 hippogriffs
  10 yaks
  2 wyverns
  Grum (D:8)
  3 basilisks
  A hog (Snake:1)
  A human (D:10)
  11 nagas
  A soldier ant (D:10)
  4 water moccasins
  5 porcupines
  A swamp drake (D:11)
  A phantom (D:5)
  2 ice beasts
  A necrophage (D:10)
  3 orc warriors
  A black bear (D:5)
  A sky beast (D:5)
  4 ogres
  9 wolves
  6 centaurs
  A big kobold (D:10)
  5 crocodiles
  4 bullfrogs
  A wyvern zombie (D:9)
  A water moccasin zombie (D:11)
  3 scorpions
  A water moccasin skeleton (D:7)
  7 killer bees (D:9)
  2 vampire bats (Lair:2)
  9 wights
  An electric eel (Lair:3)
  10 crimson imps
  6 howler monkeys
  2 bullfrog skeletons
  2 bullfrog zombies
  A hound (D:9)
  6 jellies
  6 orc priests
  A gnoll shaman (D:8)
  Crazy Yiuf (D:2)
  6 iguanas
  A centaur skeleton (D:5)
  17 orc wizards
  5 worker ants
  2 worker ant zombies
  6 adders
  11 gnolls
  3 shadow imps
  2 oozes
  2 adder skeletons (D:5)
  An adder zombie (D:7)
  4 dart slugs
  7 leopard geckos
  50 orcs
  14 bats
  4 giant cockroaches
  3 goblins
  6 hobgoblins
  14 jackals
  4 quokkas
  2 ball pythons
  4 frilled lizards
  11 kobolds
  A leopard gecko zombie (D:7)
  A quokka skeleton (D:9)
  A quokka zombie (D:8)
  7 rats
  3 fungi
  A plant (Lair:1)
393 creatures vanquished.

Vanquished Creatures (others)
  5 humans
  2 fungi
7 creatures vanquished.

Grand Total: 400 creatures vanquished

Notes
Turn   | Place    | Note
-------+----------+-------------------------------------------
     0 | D:1      | Kholdaimon the Minotaur Fighter began the quest for the Orb.
     0 | D:1      | Reached XP level 1. HP: 19/19 MP: 0/0
   556 | D:1      | Reached XP level 2. HP: 27/27 MP: 1/1
  1102 | D:2      | Reached skill level 3 in Axes
  1102 | D:2      | Reached XP level 3. HP: 33/33 MP: 2/2
  1286 | D:2      | Reached XP level 4. HP: 40/40 MP: 3/3
  1679 | D:2      | Found a runed door.
  1683 | D:2      | Noticed Crazy Yiuf
  1695 | D:2      | Killed Crazy Yiuf
  2189 | D:3      | Reached skill level 4 in Axes
  2342 | D:3      | Reached XP level 5. HP: 46/46 MP: 4/4
  2578 | D:3      | Reached skill level 1 in Dodging
  2578 | D:3      | Reached skill level 5 in Shields
  2764 | D:4      | Reached XP level 6. HP: 47/53 MP: 5/5
  2837 | D:4      | Reached skill level 5 in Armour
  2839 | D:4      | Reached skill level 5 in Axes
  3034 | D:4      | Found a glowing silver altar of Zin.
  3153 | D:4      | Found an ornate altar of the Wu Jian Council.
  3277 | D:4      | Reached XP level 7. HP: 43/60 MP: 6/6
  3434 | D:5      | Entered Level 5 of the Dungeon
  3551 | D:5      | Reached skill level 6 in Axes
  3569 | D:5      | Found a staircase to the Ecumenical Temple.
  3650 | Temple   | Entered the Ecumenical Temple
  3743 | Temple   | Became a worshipper of Warmaster Okawaru
  3804 | D:5      | Reached skill level 5 in Fighting
  4028 | D:5      | Reached XP level 8. HP: 62/68 MP: 7/7
  4460 | D:5      | Reached * piety under Okawaru
  4500 | D:5      | Found a deep blue altar of Sif Muna.
  4553 | D:5      | Found a sparkling altar of Nemelex Xobeh.
  4553 | D:5      | Found an ancient bone altar of Kikubaaqudgha.
  4554 | D:5      | Found a glowing golden altar of the Shining One.
  4768 | D:5      | Reached skill level 7 in Axes
  5001 | D:6      | Got a bloodstained ring mail
  5013 | D:6      | Identified the +5 ring mail of the Original Sin {rF- rC+++ Str-2 Slay+5} (You found it on level 6 of the Dungeon)
  5165 | D:6      | Reached skill level 1 in Invocations
  5200 | D:6      | Reached ** piety under Okawaru
  5709 | D:6      | Reached XP level 9. HP: 64/78 MP: 9/9
  5920 | D:6      | Found a shattered altar of Ashenzari.
  6636 | D:7      | Reached skill level 8 in Axes
  6642 | D:7      | Reached *** piety under Okawaru
  6887 | D:7      | Noticed Prince Ribbit
  6896 | D:7      | Killed Prince Ribbit
  7215 | D:8      | Noticed Psyche
  7221 | D:8      | Killed Psyche
  7221 | D:8      | Reached **** piety under Okawaru
  7290 | D:8      | Reached skill level 9 in Axes
  7295 | D:8      | Noticed a two-headed ogre
  7307 | D:8      | Killed a two-headed ogre
  7307 | D:8      | Reached ***** piety under Okawaru
  7307 | D:8      | Reached XP level 10. HP: 65/88 MP: 12/12
  7376 | D:8      | Noticed a two-headed ogre
  7387 | D:8      | Killed a two-headed ogre
  7519 | D:8      | Noticed Grum
  7546 | D:8      | Killed Grum
  7546 | D:8      | Reached skill level 10 in Axes
  7872 | D:8      | Noticed Joseph
  7884 | D:8      | Killed Joseph
  8065 | D:8      | Reached skill level 5 in Invocations
  8507 | D:8      | Noticed a two-headed ogre
  8515 | D:8      | Killed a two-headed ogre
  8515 | D:8      | Received a gift from Okawaru
  8729 | D:9      | Reached skill level 11 in Axes
  8734 | D:9      | Reached skill level 10 in Shields
  9000 | D:9      | Found Tosihy's Antique Armour Boutique.
  9000 | D:9      | Found Fodah's Armour Emporium.
  9010 | D:8      | Reached XP level 11. HP: 97/97 MP: 13/13
  9234 | D:9      | Found Piocusuj's Antique Weapon Shoppe.
  9614 | D:10     | Entered Level 10 of the Dungeon
  9738 | D:10     | Noticed Fannar
  9786 | D:10     | Killed Fannar
 10150 | D:10     | Noticed a catoblepas
 10151 | D:10     | Noticed a deep elf mage
 10153 | D:10     | Noticed a two-headed ogre
 10190 | D:10     | Reached skill level 10 in Armour
 10324 | D:10     | Reached ****** piety under Okawaru
 10407 | D:10     | Noticed a deep elf mage
 10414 | D:10     | Killed a deep elf mage
 10465 | D:10     | Reached skill level 12 in Axes
 10669 | D:10     | Noticed Snorg
 10680 | D:10     | Killed Snorg
 11236 | D:11     | Received a gift from Okawaru
 11236 | D:11     | Reached skill level 10 in Fighting
 11424 | D:11     | Noticed Maurice
 11450 | D:11     | Killed Maurice
 11544 | D:11     | Killed an unseen horror
 11698 | D:11     | Found a staircase to the Lair.
 12120 | Lair:1   | Entered Level 1 of the Lair of Beasts
 12165 | Lair:1   | Reached skill level 13 in Axes
 12193 | Lair:1   | Reached XP level 12. HP: 84/107 MP: 14/14
 12529 | Lair:1   | Got a shimmering robe
 12862 | Lair:1   | Received a gift from Okawaru
 12865 | Lair:1   | Got a jewelled broad axe {god gift}
 12866 | Lair:1   | Identified the +6 broad axe "Ygiof" {elec, MR+} (Okawaru gifted it to you on level 1 of the Lair of Beasts)
 13328 | Lair:2   | Noticed an eight-headed hydra
 13338 | Lair:2   | Killed a three-headed hydra
 13536 | Lair:2   | Got an encrusted flail
 13537 | Lair:2   | Identified the +10 flail "Nelu" {antimagic, Str+5 SInv Stlth+} (You found it on level 2 of the Lair of Beasts)
 13549 | Lair:2   | Noticed an eight-headed hydra
 13561 | Lair:2   | Killed an eight-headed hydra
 13574 | Lair:2   | Reached skill level 14 in Axes
 14027 | Lair:2   | Noticed a five-headed hydra
 14047 | Lair:2   | Killed a five-headed hydra
 14047 | Lair:2   | Received a gift from Okawaru
 14048 | Lair:2   | Got a pair of heavily runed gloves {god gift}
 14059 | Lair:2   | Identified the +1 pair of gloves of Tas Isih {-Cast MP+9 Stlth+} (Okawaru gifted it to you on level 2 of the Lair of Beasts)
 14270 | Lair:2   | Noticed a six-headed hydra
 14274 | Lair:2   | Killed a six-headed hydra
 14753 | Lair:3   | Noticed a seven-headed hydra
 14760 | Lair:3   | Killed a seven-headed hydra
 15305 | Lair:3   | Noticed a catoblepas
 15318 | Lair:3   | Noticed Sonja
 15323 | Lair:3   | Killed a catoblepas
 15517 | Lair:3   | Found a staircase to the Snake Pit.
 15965 | Snake:1  | Entered Level 1 of the Snake Pit
 15985 | Snake:1  | Noticed Kirke
 16009 | Snake:1  | Killed Kirke
 16009 | Snake:1  | Reached XP level 13. HP: 88/117 MP: 8/15
 16272 | Snake:1  | Found Ojyi's General Store.
 16274 | Snake:1  | Found Athriyhewk's Gadget Emporium.
 16274 | Snake:1  | Found Fecluu Iskiu's Jewellery Shoppe.
 16290 | Snake:1  | Reached skill level 15 in Axes
 16292 | Snake:1  | Found Mozaduq's Weapon Shoppe.
 16320 | Snake:1  | Bought a +4 amulet of reflection for 486 gold pieces
 16344 | Snake:1  | Found the +2 robe of Vines {NoPotionHeal Regen+7}
 17056 | Snake:2  | Found a glowing golden altar of the Shining One.
 17444 | Snake:2  | Found Garhoej's Gadget Emporium.
 17448 | Snake:2  | Found Pehec's Book Emporium.
 17626 | Snake:2  | Noticed Donald
 17635 | Snake:2  | Killed Donald
 17635 | Snake:2  | Received a gift from Okawaru
 17638 | Snake:2  | Got an ichor-stained broad axe {god gift}
 17685 | Snake:2  | Identified the +2 broad axe "Jauwka" {elec, Str+4} (Okawaru gifted it to you on level 2 of the Snake Pit)
 18009 | Snake:2  | Noticed Asterion
 18023 | Snake:2  | Noticed a balrug
 18066 | Snake:2  | HP: 5/119 [Asterion/morningstar of draining (3)]
 18479 | Snake:1  | Noticed a balrug
 18480 | Snake:1  | Slain by Asterion

Skill      XL: |  1  2  3  4  5  6  7  8  9 10 11 12 13 |
---------------+----------------------------------------+-----
Armour         | 4 5 7 8 9 10 12 | 12.7
Shields        | 4 5 6 7 9 10 11 12 13 | 13.0
Axes           | 3 4 5 6 7 9 11 13 14 15 | 15.9
Fighting       | 4 5 6 7 9 10 11 12 | 12.3
Dodging        | 1 2 3 |  3.5
Invocations    | 2 4 5 |  5.0
Maces & Flails | |  0.4
Throwing       | |  0.1
Stealth        | |  0.8

Action                   |  1- 3 |  4- 6 |  7- 9 | 10-12 | 13-15 || total
-------------------------+-------+-------+-------+-------+-------++-------
Melee: War axe           |    76 |   123 |   306 |   529 |       ||  1034
       Headbutt          |    10 |    25 |    57 |   150 |    39 ||   281
       Mace              |       |       |    25 |       |       ||    25
       Flail             |       |       |       |   132 |   161 ||   293
       Broad axe         |       |       |       |    28 |    39 ||    67
Throw: Stone             |     3 |       |       |       |       ||     3
Invok: Heroism           |       |       |       |       |     1 ||     1
  Use: Scroll            |       |    10 |     6 |     8 |     1 ||    25
       Potion            |       |     1 |     2 |     1 |     2 ||     6
  Eat: Chunk             |     1 |     7 |     9 |    23 |     2 ||    42
       Ration            |       |       |     1 |     2 |     1 ||     4
Armor: Scale mail        |    47 |    37 |    51 |       |       ||   135
       Chain mail        |       |       |    87 |   294 |    46 ||   427
       Ring mail         |       |       |       |     5 |       ||     5
Dodge: Dodged            |    20 |    27 |    96 |   203 |    46 ||   392
Block: Shield            |    56 |    53 |   180 |   389 |   117 ||   795
       Large shield      |       |       |       |       |    47 ||    47
       Reflection        |       |       |       |       |     7 ||     7
